Map: Lerilak Crest

Players

TheMakzy - Winner!

  • Race: Terran Terran
  • League: Diamond

pAta

  • Race: Protoss Protoss
  • League: Platinum

VOD

Have the link to the VOD?

Description

Time

  • Played on: Nov. 25, 2015, 5:06 a.m.
  • Length: 22:08
Show
View Real Time Build Order
Export as new Build Order

TheMakzy Terran - Winner!

Build Orders: Reaper Expand 

Get SALT Encoding   

  12  0:00  SCV  
  13  0:12  SCV  
  14  0:17  Supply Depot  
  14  0:25  SCV  
  15  0:39  SCV  
  15  0:41  Barracks  
  16  0:44  Refinery  
  16  0:51  SCV  
  17  1:03  SCV  
  18  1:15  SCV  
  19  1:27  Orbital Command  
  19  1:28  Reaper  
  20  1:44  Command Center  
  20  1:49  Supply Depot  
  20  1:53  SCV  
  21  2:05  SCV  
  22  2:16  Barracks Reactor  
  22  2:19  Bunker  
  22  2:23  Factory  
  22  2:27  SCV, Barracks  
  23  2:43  SCV  
  24  2:44  Engineering Bay  
  24  2:55  SCV  
  25  3:04  Marine x2  
  27  3:07  Widow Mine  
  27  3:10  Starport  
  29  3:14  Orbital Command  
  29  3:19  Marine  
  30  3:24  Refinery, Marine x2  
  32  3:28  SCV  
  33  3:39  Widow Mine  
  33  3:40  SCV  
  36  3:44  SCV  
  36  3:46  Marine x3  
  39  3:52  SCV  
  39  3:55  Supply Depot  
  40  3:59  Medivac  
  40  4:00  SCV  
  43  4:03  Marine  
  43  4:05  Barracks Tech Lab  
  44  4:16  Missile Turret  
  44  4:18  SCV x2  
  44  4:19  Marine  
  44  4:20  Widow Mine  
  44  4:21  Marine  
  50  4:30  SCV  
  51  4:34  SCV  
  51  4:35  Barracks  
  51  4:37  Marine  
  51  4:38  Marine  
  54  4:45  Marine  
  54  4:46  SCV  
  29  5:09  SCV  
  27  5:15  Marine x2  
  27  5:18  Orbital Command  
  27  5:21  Bunker  
  27  5:23  Bunker  
  27  5:26  Refinery  
  27  5:36  Widow Mine  
  27  5:37  SCV  
  27  5:41  Starport Tech Lab  
  30  5:49  SCV  
  31  5:59  SCV  
  31  6:01  SCV  
  33  6:07  Banshee  
  36  6:11  SCV  
  36  6:13  SCV, Bunker  
  38  6:22  Missile Turret  
  38  6:26  SCV  
  35  6:43  Barracks Tech Lab, Marine  
  36  7:02  Missile Turret  
  35  7:09  Barracks  
  35  7:12  Barracks  
  33  7:24  Marine x2  
  33  7:26  Bunker  
  33  7:42  Marine x2  
  29  7:59  Orbital Command  
  29  8:00  Marine  
  29  8:01  Marine x2  
  29  8:03  Marine  
  28  8:17  Marine  
  28  8:19  Marine x2  
  29  8:33  Missile Turret  
  29  8:35  Missile Turret  
  29  8:39  Bunker  
  29  8:40  Bunker, Orbital Command  
  29  8:41  Marine  
  26  9:04  Marine x2  
  26  9:05  Marine  
  29  9:11  Widow Mine  
  28  9:24  SCV  
  29  9:28  Barracks Tech Lab  
  29  9:31  Supply Depot  
  29  9:34  SCV  
  20  10:19  Marine x3  
  23  10:26  Missile Turret, Orbital Command  
  15  11:05  Orbital Command  
  15  11:08  Missile Turret  
  15  11:48  Marine x3  
  15  11:51  SCV, Stimpack  
  20  11:54  SCV  
  20  12:03  SCV  
  20  12:06  SCV  
  22  12:14  Marine x2  
  24  12:25  Marine  
  23  12:31  SCV  
  23  12:36  Orbital Command  
  24  12:43  SCV  
  24  12:47  Marine x3  
  27  12:54  Marine  
  27  12:55  SCV  
  29  13:05  Marine x2  
  23  13:16  Marine  
  23  13:17  SCV, Marine  
  23  13:18  SCV  
  26  13:22  Marine  
  26  13:23  Marine  
  28  13:30  SCV x2  
  29  13:34  Marine x2  
  29  13:40  Marine  
  29  13:42  Marine  
  31  13:48  SCV x2  
  31  13:52  Marine x2  
  34  13:58  Marine  
  34  14:00  SCV x2, Marine  
  34  14:01  Supply Depot  
  38  14:22  SCV, Marine x2  
  38  14:23  Marauder  
  34  14:44  Marauder  
  31  14:46  Marine x3  
  34  14:58  Concussive Shells  
  34  15:00  SCV  
  34  15:04  Marine x2  
  34  15:05  Marauder  
  34  15:07  SCV  
  40  15:12  Marine  
  40  15:13  SCV  
  42  15:18  Supply Depot  
  42  15:21  Marine  
  42  15:23  SCV  
  42  15:26  SCV  
  45  15:31  Marine  
  46  15:39  Marine  
  46  15:40  SCV, Combat Shields, Marauder  
  50  15:52  Marine x2  
  52  15:57  Marine  
  52  16:00  Refinery  
  52  16:01  SCV  
  54  16:10  Factory  
  54  16:14  Supply Depot  
  54  16:15  Supply Depot  
  54  16:20  Missile Turret  
  54  16:35  Marine x3  
  54  16:36  SCV x2, Marauder  
  61  16:42  Terran Infantry Weapons Level 1  
  61  16:48  SCV x2  
  61  16:53  Marine x2  
  63  16:57  Marauder  
  63  17:00  SCV  
  64  17:03  Starport  
  64  17:09  Factory Reactor  
  64  17:11  Command Center, Marine  
  65  17:19  Marauder  
  67  17:25  Marine x2  
  67  17:29  Marine  
  70  17:37  Supply Depot  
  70  17:40  Supply Depot  
  70  17:46  Refinery  
  70  17:58  SCV, Medivac x2, Marine  
  70  17:59  SCV, Marauder  
  70  18:03  Supply Depot  
  78  18:08  Marine  
  78  18:10  Command Center, SCV, Missile Turret  
  80  18:15  Marine  
  80  18:16  Marine  
  82  18:21  SCV  
  82  18:23  SCV  
  86  18:27  Marine, Marauder  
  86  18:33  Marine  
  88  18:38  Marine  
  89  18:42  Terran Infantry Armor Level 1  
  91  18:48  Marauder  
  83  19:06  Marine x3  
  79  19:10  Marauder  
  71  19:24  Marine x3  
  70  19:25  Medivac x2  
  79  19:31  Marauder  
  74  19:41  Marine  
  74  19:42  Marine  
  76  19:50  Marine  
  79  19:52  Marauder  
  79  19:55  Medivac x2  
  83  20:01  Missile Turret  
  69  20:12  Barracks Reactor  
  69  20:13  Barracks Reactor, Barracks Tech Lab  
  69  20:15  Planetary Fortress  
  69  20:23  Missile Turret  
  69  20:26  Liberator  
  69  20:27  Marine  
  69  20:28  Liberator  
  70  20:41  Marauder  
  72  20:48  Marine  
  72  20:49  Marine x2  
  80  20:52  Marine  
  80  21:13  Marine x3  
  80  21:14  Marine x2, Marauder  
  87  21:22  Supply Depot  
  87  21:28  Medivac  
  87  21:31  Marine x2  
  87  21:32  Marauder, Marine  
  97  21:35  Marauder  
Show
View Real Time Build Order
Export as new Build Order

pAta Protoss 

Build Orders:  

Get SALT Encoding   

  12  0:01  Probe (Chrono Boost)  
  13  0:11  Probe (Chrono Boost)  
  14  0:17  Pylon  
  14  0:22  Probe (Chrono Boost)  
  15  0:36  Gateway  
  15  0:40  Assimilator  
  15  0:44  Probe (Chrono Boost)  
  16  0:54  Probe (Chrono Boost)  
  17  0:59  Pylon  
  17  1:01  Assimilator  
  17  1:05  Probe (Chrono Boost)  
  18  1:15  Probe (Chrono Boost)  
  19  1:27  Cybernetics Core  
  19  1:32  Probe (Chrono Boost)  
  20  1:42  Probe (Chrono Boost)  
  21  2:04  Mothership Core (Chrono Boost)  
  21  2:05  Warp Gate  
  21  2:07  Adept  
  25  2:19  Twilight Council  
  25  2:33  Pylon  
  26  2:44  Probe (Chrono Boost)  
  26  2:50  Gateway  
  26  2:53  Robotics Facility  
  26  2:54  Gateway  
  24  3:08  Probe (Chrono Boost)  
  25  3:16  Resonating Glaives (Chrono Boost)  
  25  3:18  Probe (Chrono Boost)  
  26  3:29  Probe (Chrono Boost)  
  27  3:40  Gateway, Warp Prism  
  29  4:03  Pylon  
  29  4:17  Probe  
  29  4:21  Adept x2  
  34  4:28  Observer  
  35  4:36  Pylon  
  35  4:38  Pylon  
  35  4:39  Adept x2  
  35  4:40  Pylon  
  35  5:01  Adept x3  
  39  5:22  Warp Prism (Chrono Boost)  
  39  5:25  Adept x2  
  45  5:36  Zealot  
  40  5:53  Probe  
  41  6:02  Observer (Chrono Boost)  
  42  6:05  Probe  
  38  6:32  Probe  
  39  6:42  Dark Shrine  
  39  6:44  Probe (Chrono Boost)  
  39  6:54  Zealot  
  39  6:55  Probe (Chrono Boost), Zealot x3  
  48  7:22  Probe (Chrono Boost)  
  47  7:37  Pylon  
  47  7:38  Probe (Chrono Boost)  
  47  7:39  Pylon  
  39  7:55  Adept x3  
  39  7:56  Adept  
  39  8:17  Observer (Chrono Boost)  
  38  8:25  Dark Templar x3  
  35  8:44  Zealot  
  35  8:57  Probe  
  35  9:02  Zealot x2  
  34  9:03  Zealot  
  35  9:10  Probe  
  36  9:22  Probe  
  37  9:34  Probe  
  37  9:47  Probe  
  37  9:49  Dark Templar  
  36  10:08  Zealot x3  
  38  10:38  Probe  
  35  10:50  Probe, Nexus  
  35  10:52  Pylon  
  36  11:05  Probe  
  36  11:11  Immortal (Chrono Boost)  
  41  11:18  Probe  
  38  11:30  Probe  
  39  11:35  Charge (Chrono Boost)  
  39  11:50  Probe  
  40  11:55  Pylon  
  40  12:02  Probe  
  40  12:05  Probe  
  39  12:19  Probe  
  39  12:21  Probe  
  41  12:36  Zealot  
  41  12:37  Probe, Zealot  
  45  12:39  Probe  
  47  12:53  Observer (Chrono Boost)  
  47  12:56  Probe  
  47  12:57  Probe  
  50  13:11  Immortal (Chrono Boost)  
  42  13:13  Adept  
  42  13:18  Probe x2 (Chrono Boost)  
  50  13:31  Probe (Chrono Boost)  
  51  13:37  Zealot x3  
  51  13:48  Sentry  
  52  13:50  Probe (Chrono Boost)  
  52  13:51  Probe (Chrono Boost)  
  54  13:59  Dark Templar x2  
  58  14:03  Archon  
  58  14:07  Probe (Chrono Boost)  
  59  14:14  Observer  
  60  14:30  Nexus  
  60  14:37  Zealot x2  
  52  14:50  Dark Templar x2  
  58  14:53  Probe x2 (Chrono Boost)  
  58  15:00  Sentry x2  
  58  15:01  Archon  
  58  15:05  Assimilator  
  62  15:07  Assimilator  
  62  15:18  Pylon  
  63  15:22  Probe (Chrono Boost)  
  63  15:29  Dark Templar x2  
  63  15:32  Archon  
  63  15:35  Pylon  
  67  15:45  Pylon  
  67  15:49  Probe x2 (Chrono Boost)  
  69  15:50  Probe (Chrono Boost)  
  70  15:59  Probe (Chrono Boost)  
  71  16:06  Robotics Facility  
  71  16:10  Dark Templar  
  73  16:18  Dark Templar  
  75  16:22  Probe x3 (Chrono Boost)  
  78  16:30  Gateway  
  78  16:34  Probe x2 (Chrono Boost)  
  78  16:38  Probe (Chrono Boost)  
  81  16:42  Gateway  
  79  17:05  Probe x3 (Chrono Boost)  
  79  17:06  Dark Templar x2, Pylon  
  79  17:07  Dark Templar  
  88  17:10  Archon  
  88  17:12  Warp Prism  
  91  17:21  Assimilator  
  91  17:22  Assimilator  
  90  17:48  Robotics Bay  
  90  17:52  Nexus  
  90  17:53  Pylon  
  90  17:56  Pylon  
  90  17:58  Dark Templar x2, Pylon  
  94  18:01  Archon  
  94  18:11  Zealot x2  
  94  18:12  Zealot  
  100  18:19  Probe (Chrono Boost)  
  101  18:21  Probe (Chrono Boost)  
  101  18:27  Templar Archives  
  102  18:28  Probe (Chrono Boost)  
  102  18:33  Probe x2 (Chrono Boost)  
  105  18:43  Gateway, Disruptor  
  105  18:45  Gateway  
  108  18:49  Probe x3 (Chrono Boost)  
  108  18:50  Gateway  
  93  19:04  Zealot x3  
  93  19:05  Dark Templar  
  69  19:22  Dark Templar  
  62  19:26  Dark Templar x2  
  62  19:27  Dark Templar  
  61  19:43  Zealot  
  59  19:50  Disruptor  
  59  19:51  Pylon  
  56  20:09  Probe x2 (Chrono Boost)  
  56  20:10  Probe (Chrono Boost)  
  56  20:12  Stalker  
  56  20:13  Stalker  
  63  20:16  Psionic Storm  
  63  20:23  Probe x2 (Chrono Boost)  
  63  20:26  Disruptor (Chrono Boost)  
  68  20:32  Zealot x3  
  74  20:36  Zealot  
  76  20:43  Dark Templar  
  76  20:45  Probe x2 (Chrono Boost)  
  80  20:52  Nexus  
  80  20:53  Probe (Chrono Boost), Pylon  
  63  21:15  Zealot  
  63  21:16  Zealot x5  
  75  21:22  Probe  
  75  21:23  Probe  
  75  21:24  Probe  
  78  21:27  Disruptor (Chrono Boost)  
  81  21:33  Probe  
  81  21:38  High Templar x4  
  90  21:45  Archon x2  
  81  21:47  Dark Templar  
  56  21:55  Zealot x2  
  56  21:56  Zealot  
Tags
 
Add a new tag
Caveats
  • Supply blocks, unpowered buildings, or Contaminate may cause inaccurate times.
  • Supply counts are checked every 10 seconds.